TOP OF THE 1ST |
Tennessee Volunteers batting - Pitching for Kansas State Wildcats : LHP Ron Huggins
|
Pitching: LHP Ron Huggins
|
|
Batting: LHB Arnold Stewart
|
0-0: Swinging Strike 0-1: Swinging Strike 0-2: Ball 1-2: Ground out 4-3 (Groundball, 4)
|
Batting: RHB Jesús Villegas
|
0-0: Swinging Strike 0-1: Ball 1-1: Ball 2-1: Foul Ball, location: 2F 2-2: Fly out, F8 (Flyball, 8LD)
|
Batting: RHB Ken Sánchez
|
0-0: Ball 1-0: Fly out, F9 (Flyball, 9M)
|
Top of the 1st over - 0 run(s), 0 hit(s), 0 error(s), 0 left on base; Tennessee 0 - Kansas State 0 |
BOTTOM OF THE 1ST |
Kansas State Wildcats batting - Pitching for Tennessee Volunteers : RHP Myles Bush
|
Pitching: RHP Myles Bush
|
|
Batting: RHB Bill Jordan
|
0-0: Ball 1-0: Ground out 6-3 (Groundball, 6M)
|
Batting: LHB Juan Cuervo
|
0-0: Foul Ball, location: 2F 0-1: Foul Ball, location: 2F 0-2: Fly out, F7 (Popup, 56D)
|
Batting: LHB Tony Smith
|
0-0: Ball 1-0: Swinging Strike 1-1: Ball 2-1: Foul Ball, location: 2F 2-2: Ball 3-2: Base on Balls
|
Batting: LHB Kyle Harrison
|
0-0: Called Strike 0-1: Foul Ball, location: 2F 0-2: Foul Ball, location: 2F 0-2: Fly out, F3 (Line Drive, 3)
|
Bottom of the 1st over - 0 run(s), 0 hit(s), 0 error(s), 1 left on base; Tennessee 0 - Kansas State 0 |
TOP OF THE 2ND |
Tennessee Volunteers batting - Pitching for Kansas State Wildcats : LHP Ron Huggins
|
Batting: RHB Aaron Washington
|
0-0: Ball 1-0: Foul Ball, location: 2F 1-1: SOLO HOME RUN (Flyball, 7LD), Distance : 337 ft
|
Batting: SHB Scott Cox
|
0-0: Called Strike 0-1: Ball 1-1: Ball 2-1: Foul Ball, location: 2F 2-2: Foul Ball, location: 2F 2-2: Strikes out swinging
|
Batting: RHB Juan Corvarubia
|
0-0: Ball 1-0: Swinging Strike 1-1: Called Strike 1-2: Strikes out swinging
|
Batting: RHB Robert Stevens
|
0-0: Foul Ball, location: 2F 0-1: Swinging Strike 0-2: Ground out 6-3 (Groundball, 6)
|
Top of the 2nd over - 1 run(s), 1 hit(s), 0 error(s), 0 left on base; Tennessee 1 - Kansas State 0 |
BOTTOM OF THE 2ND |
Kansas State Wildcats batting - Pitching for Tennessee Volunteers : RHP Myles Bush
|
Batting: RHB David Hernández
|
0-0: Ball 1-0: SINGLE (Line Drive, 6MD)
|
Batting: LHB José Rodríguez
|
0-0: Ball 1-0: Called Strike 1-1: Fly out, F9 (Flyball, 9LS)
|
Batting: RHB Joe Saunders
|
0-0: Called Strike 0-1: Foul Ball, location: 2F 0-2: SINGLE (Groundball, 56D) David Hernández to second
|
Batting: RHB John Wilson
|
0-0: Ball 1-0: Called Strike 1-1: Ball 2-1: Foul Ball, location: 2F 2-2: SINGLE (Flyball, 9LS) David Hernández to third Joe Saunders to second
|
Batting: RHB Andrew Deal
|
0-0: Ball 1-0: Ball 2-0: Ball 3-0: Called Strike 3-1: Base on Balls David Hernández scores Joe Saunders to third John Wilson to second
|
Batting: RHB Bill Jordan
|
0-0: Called Strike 0-1: Ball 1-1: Swinging Strike 1-2: Ball 2-2: Ball 3-2: Base on Balls Joe Saunders scores John Wilson to third Andrew Deal to second
|
Batting: LHB Juan Cuervo
|
0-0: Foul Ball, location: 2F 0-1: Fly out, F3 (Line Drive, 3)
|
Batting: LHB Tony Smith
|
0-0: Called Strike 0-1: Ball 1-1: Ball 2-1: Fly out, F7 (Line Drive, 7M)
|
Bottom of the 2nd over - 2 run(s), 3 hit(s), 0 error(s), 3 left on base; Tennessee 1 - Kansas State 2 |
TOP OF THE 3RD |
Tennessee Volunteers batting - Pitching for Kansas State Wildcats : LHP Ron Huggins
|
Batting: RHB Michael Sawyer
|
0-0: Called Strike 0-1: Ball 1-1: Ball 2-1: Swinging Strike 2-2: Strikes out swinging
|
Batting: LHB Roberto Medina
|
0-0: Ball 1-0: SINGLE (Groundball, 34D)
|
Batting: LHB Arnold Stewart
|
0-0: Fielders Choice at 2nd, 4-6 (Groundball, 4)
|
Batting: RHB Jesús Villegas
|
0-0: Ball 1-0: Called Strike 1-1: Called Strike 1-2: Fly out, F8 (Flyball, 8LM)
|
Top of the 3rd over - 0 run(s), 1 hit(s), 0 error(s), 1 left on base; Tennessee 1 - Kansas State 2 |
BOTTOM OF THE 3RD |
Kansas State Wildcats batting - Pitching for Tennessee Volunteers : RHP Myles Bush
|
Batting: LHB Kyle Harrison
|
0-0: Called Strike 0-1: Ball 1-1: Ball 2-1: Foul Ball, location: 2F 2-2: Foul Ball, location: 2F 2-2: Strikes out swinging
|
Batting: RHB David Hernández
|
0-0: Called Strike 0-1: Ball 1-1: Called Strike 1-2: Foul Ball, location: 2F 1-2: Strikes out looking
|
Batting: LHB José Rodríguez
|
0-0: Ball 1-0: SINGLE (Flyball, 89M)
|
Batting: RHB Joe Saunders
|
0-0: Foul Ball, location: 2F 0-1: Fly out, F7 (Flyball, 7LMF)
|
Bottom of the 3rd over - 0 run(s), 1 hit(s), 0 error(s), 1 left on base; Tennessee 1 - Kansas State 2 |
TOP OF THE 4TH |
Tennessee Volunteers batting - Pitching for Kansas State Wildcats : LHP Ron Huggins
|
Batting: RHB Ken Sánchez
|
0-0: Foul Ball, location: 2F 0-1: Swinging Strike 0-2: Ball 1-2: Ground out 5-3 (Groundball, 5L)
|
Batting: RHB Aaron Washington
|
0-0: Ball 1-0: Ball 2-0: Called Strike 2-1: Foul Ball, location: 2F 2-2: Foul Ball, location: 2F 2-2: Foul Ball, location: 2F 2-2: Ball 3-2: Ground out 5-3 (Groundball, 56)
|
Batting: SHB Scott Cox
|
0-0: Ball 1-0: Ball 2-0: Foul Ball, location: 2F 2-1: Ball 3-1: Foul Ball, location: 2F 3-2: Foul Ball, location: 2F 3-2: Foul Ball, location: 2F 3-2: Foul Ball, location: 2F 3-2: Foul Ball, location: 2F 3-2: Foul Ball, location: 2F 3-2: Base on Balls
|
Batting: RHB Juan Corvarubia
|
0-0: Ball 1-0: Called Strike 1-1: Called Strike 1-2: Ball 2-2: Foul Ball, location: 2F 2-2: Strikes out swinging
|
Top of the 4th over - 0 run(s), 0 hit(s), 0 error(s), 1 left on base; Tennessee 1 - Kansas State 2 |
BOTTOM OF THE 4TH |
Kansas State Wildcats batting - Pitching for Tennessee Volunteers : RHP Myles Bush
|
Batting: RHB John Wilson
|
0-0: Called Strike 0-1: Ball 1-1: Foul Ball, location: 2F 1-2: Foul Ball, location: 2F 1-2: Ground out 6-3 (Groundball, 6M)
|
Batting: RHB Andrew Deal
|
0-0: Ball 1-0: Called Strike 1-1: Ground out 5-3 (Groundball, 5S)
|
Batting: RHB Bill Jordan
|
0-0: Called Strike 0-1: Ball 1-1: Foul Ball, location: 2F 1-2: Ball 2-2: Ball 3-2: Ground out U3 (Groundball, 3)
|
Bottom of the 4th over - 0 run(s), 0 hit(s), 0 error(s), 0 left on base; Tennessee 1 - Kansas State 2 |
TOP OF THE 5TH |
Tennessee Volunteers batting - Pitching for Kansas State Wildcats : LHP Ron Huggins
|
Batting: RHB Robert Stevens
|
0-0: Called Strike 0-1: Ball 1-1: Ball 2-1: Ball 3-1: Ground out 6-3 (Groundball, 6)
|
Batting: RHB Michael Sawyer
|
0-0: Called Strike 0-1: Ball 1-1: Ground out 5-3 (Groundball, 5)
|
Batting: LHB Roberto Medina
|
0-0: Swinging Strike 0-1: Ball 1-1: Ball 2-1: Fly out, F5 (Popup, 5SF)
|
Top of the 5th over - 0 run(s), 0 hit(s), 0 error(s), 0 left on base; Tennessee 1 - Kansas State 2 |
BOTTOM OF THE 5TH |
Kansas State Wildcats batting - Pitching for Tennessee Volunteers : RHP Myles Bush
|
Batting: LHB Juan Cuervo
|
0-0: Ball 1-0: Ball 2-0: Foul Ball, location: 2F 2-1: Swinging Strike 2-2: Ball 3-2: Strikes out swinging
|
Pitching: RHP Ken Bryant
|
|
Batting: LHB Tony Smith
|
0-0: Ball 1-0: Called Strike 1-1: Ball 2-1: Foul Ball, location: 2F 2-2: Strikes out swinging
|
Batting: LHB Kyle Harrison
|
0-0: Foul Ball, location: 2F 0-1: Ball 1-1: Ball 2-1: Foul Ball, location: 2F 2-2: Strikes out looking
|
Bottom of the 5th over - 0 run(s), 0 hit(s), 0 error(s), 0 left on base; Tennessee 1 - Kansas State 2 |
TOP OF THE 6TH |
Tennessee Volunteers batting - Pitching for Kansas State Wildcats : LHP Ron Huggins
|
Pitching: LHP José Rivera
|
|
Batting: LHB Arnold Stewart
|
0-0: DOUBLE (Line Drive, 7LS)
|
Batting: RHB Jesús Villegas
|
0-0: Called Strike 0-1: Ball 1-1: Ball 2-1: Ball 3-1: Foul Ball, location: 2F 3-2: Base on Balls
|
Batting: RHB Ken Sánchez
|
0-0: Called Strike 0-1: 3-RUN HOME RUN (Line Drive, 78XD), Distance : 370 ft
|
Pitching: RHP Beau May
|
|
Batting: RHB Aaron Washington
|
0-0: Ball 1-0: Ball 2-0: Called Strike 2-1: Called Strike 2-2: Foul Ball, location: 2F 2-2: Ground out 5-3 (Groundball, 56)
|
Batting: SHB Scott Cox
|
0-0: Ball 1-0: Ball 2-0: SINGLE (Line Drive, 8LM)
|
Batting: RHB Juan Corvarubia
|
0-0: Ball 1-0: Grounds into double play, 4-6-3 (Groundball, 4)
|
Top of the 6th over - 3 run(s), 3 hit(s), 0 error(s), 0 left on base; Tennessee 4 - Kansas State 2 |
BOTTOM OF THE 6TH |
Kansas State Wildcats batting - Pitching for Tennessee Volunteers : RHP Ken Bryant
|
Batting: RHB David Hernández
|
0-0: Ball 1-0: Ball 2-0: Foul Ball, location: 2F 2-1: Ball 3-1: Swinging Strike 3-2: Base on Balls
|
Batting: LHB José Rodríguez
|
0-0: Ball 1-0: Ball 2-0: Called Strike 2-1: Ball 3-1: Foul Ball, location: 2F 3-2: Base on Balls David Hernández to second
|
Batting: RHB Joe Saunders
|
0-0: Called Strike 0-1: Foul Ball, location: 2F 0-2: Ball 1-2: Fly out, F3 (Popup, 34S)
|
Batting: RHB John Wilson
|
0-0: Called Strike 0-1: Called Strike 0-2: Foul Ball, location: 2F 0-2: Ball 1-2: Foul Ball, location: 2F 1-2: Foul Ball, location: 2F 1-2: Strikes out swinging
|
Batting: RHB Andrew Deal
|
0-0: Ball 1-0: 3-RUN HOME RUN (Flyball, 7D), Distance : 351 ft
|
Pitching: LHP Josh Gibson
|
|
Batting: RHB Bill Jordan
|
0-0: Fly out, F8 (Flyball, 8RM)
|
Bottom of the 6th over - 3 run(s), 1 hit(s), 0 error(s), 0 left on base; Tennessee 4 - Kansas State 5 |
TOP OF THE 7TH |
Tennessee Volunteers batting - Pitching for Kansas State Wildcats : RHP Beau May
|
Batting: RHB Robert Stevens
|
0-0: Foul Ball, location: 2F 0-1: Called Strike 0-2: Ground out 6-3 (Groundball, 6)
|
Batting: RHB Michael Sawyer
|
0-0: Ball 1-0: Ball 2-0: Ball 3-0: Base on Balls
|
Batting: LHB Roberto Medina
|
0-0: Ball 1-0: Swinging Strike 1-1: Ball 2-1: Called Strike 2-2: Foul Ball, location: 2F 2-2: Ball 3-2: Strikes out looking Michael Sawyer is caught stealing 2nd base Batter strikes out.
|
Top of the 7th over - 0 run(s), 0 hit(s), 0 error(s), 0 left on base; Tennessee 4 - Kansas State 5 |
BOTTOM OF THE 7TH |
Kansas State Wildcats batting - Pitching for Tennessee Volunteers : LHP Josh Gibson
|
Batting: LHB Juan Cuervo
|
0-0: Ball 1-0: Foul Ball, location: 2F 1-1: Ball 2-1: SINGLE (Line Drive, 6MD)
|
Batting: LHB Tony Smith
|
0-0: Ball 1-0: Ball 2-0: Swinging Strike 2-1: Foul Ball, location: 2F 2-2: Foul Ball, location: 2F 2-2: Foul Ball, location: 2F 2-2: Strikes out swinging
|
Batting: LHB Kyle Harrison
|
0-0: Called Strike 0-1: Ball 1-1: Ball 2-1: Ball 3-1: Foul Ball, location: 2F 3-2: Foul Ball, location: 2F 3-2: TRIPLE (Flyball, 8LD) Juan Cuervo scores
|
Batting: RHB David Hernández
|
0-0: Intentional Walk
|
Pinch Hitting: RHB Bobby Hinkle
|
0-0: Swinging Strike 0-1: Fly out, F9 (Popup, 9S)
|
Batting: RHB Joe Saunders
|
0-0: Ball 1-0: Called Strike 1-1: Ball 2-1: Ball 3-1: Swinging Strike 3-2: Ground out 5-3 (Groundball, 56)
|
Bottom of the 7th over - 1 run(s), 2 hit(s), 0 error(s), 2 left on base; Tennessee 4 - Kansas State 6 |
TOP OF THE 8TH |
Tennessee Volunteers batting - Pitching for Kansas State Wildcats : RHP Beau May
|
Pitching: RHP Bill Chase
|
|
Now in RF: Bobby Hinkle
|
|
Batting: LHB Arnold Stewart
|
0-0: Called Strike 0-1: Called Strike 0-2: Strikes out swinging
|
Batting: RHB Jesús Villegas
|
0-0: Called Strike 0-1: Ball 1-1: Ball 2-1: Called Strike 2-2: SINGLE (Line Drive, 34D)
|
Batting: RHB Ken Sánchez
|
0-0: Called Strike 0-1: Ball 1-1: Called Strike 1-2: Foul Ball, location: 2F 1-2: Ball 2-2: Strikes out swinging
|
Batting: RHB Aaron Washington
|
0-0: Fielders Choice at 2nd, U6 (Groundball, 6M)
|
Top of the 8th over - 0 run(s), 1 hit(s), 0 error(s), 1 left on base; Tennessee 4 - Kansas State 6 |
BOTTOM OF THE 8TH |
Kansas State Wildcats batting - Pitching for Tennessee Volunteers : LHP Josh Gibson
|
Batting: RHB John Wilson
|
0-0: Ball 1-0: Ball 2-0: Ball 3-0: Base on Balls
|
Batting: RHB Andrew Deal
|
0-0: Ball 1-0: Bunted foul 1-1: Bunted foul 1-2: Fly out, F8 (Flyball, 8LM)
|
Batting: RHB Bill Jordan
|
0-0: Ball 1-0: Ball 2-0: Ball 3-0: Base on Balls John Wilson to second
|
Batting: LHB Juan Cuervo
|
0-0: Ball 1-0: Grounds into double play, 4-6-3 (Groundball, 34)
|
Bottom of the 8th over - 0 run(s), 0 hit(s), 0 error(s), 1 left on base; Tennessee 4 - Kansas State 6 |
TOP OF THE 9TH |
Tennessee Volunteers batting - Pitching for Kansas State Wildcats : RHP Bill Chase
|
Pitching: LHP Timothy Martin
|
|
Batting: SHB Scott Cox
|
0-0: Called Strike 0-1: Foul Ball, location: 2F 0-2: Ball 1-2: Strikes out swinging
|
Batting: RHB Juan Corvarubia
|
0-0: Fly out, F3 (Popup, 3DF)
|
Batting: RHB Robert Stevens
|
0-0: Called Strike 0-1: Ground out 5-3 (Groundball, 5)
|
Top of the 9th over - 0 run(s), 0 hit(s), 0 error(s), 0 left on base; Tennessee 4 - Kansas State 6 |
|